 Dungeon Crawl Stone Soup version 0.29.1 (webtiles) character file.

Game seed: 14190064412126956226

44169 qw the Severer (level 13, -6/124 HPs)
             Began as a Minotaur Berserker on Sept 13, 2022.
             Was a Priest of Trog.
             Mangled by a komodo dragon (22 damage)
             ... summoned by a boggart
             ... on level 5 of the Lair of Beasts.
             The game lasted 00:06:25 (20825 turns).

qw the Severer (Minotaur Berserker)                Turns: 20825, Time: 00:06:25

Health: -6/124     AC: 31    Str: 29    XL:     13   Next: 94%
Magic:  12/12      EV: 12    Int:  4    God:    Trog [***...]
Gold:   1105       SH:  7    Dex: 17    Spells: 12/12 levels left

rFire   . . .      SeeInvis .   r - +0 flail (protect)
rCold   . . .      Faith    .   l - +0 buckler
rNeg    . . .      Spirit   .   u - +0 plate armour
rPois   .          Reflect  .   (helmet restricted)
rElec   +          Harm     .   a - +2 cloak
rCorr   .          Rampage  .   (no gloves)
Will    +....                   v - +4 pair of boots "Qomoc" {rElec rC- Dex+5}
Stlth   ..........              b - amulet of the acrobat
HPRegen 0.30/turn               g - ring "Laaduis" {Fly Will+ Str+4}
MPRegen 0.13/turn               o - ring of protection from cold

@: about to teleport, under a protective aura, on berserk cooldown, flying,
slowed, very slow
A: horns 2, retaliatory headbutt
a: Renounce Religion, Berserk, Trog's Hand


You were on level 5 of the Lair of Beasts.
You worshipped Trog.
Trog was most pleased with you.
You visited 2 branches of the dungeon, and saw 16 of its levels.

You collected 1105 gold pieces.


Innate Abilities, Weirdness & Mutations

You have a pair of horns on your head.
You reflexively headbutt those who attack you in melee.


   Skills:
 - Level 14.0 Fighting
 - Level 18.0 Axes
 - Level 6.2 Throwing
 + Level 12.0 Armour
 - Level 8.7 Dodging
 - Level 9.0 Shields


You had 12 spell levels left.
You didn't know any spells.
Your spell library was empty.

Inventory:

Hand Weapons
 n - the +10 broad axe of the Shallot {freeze, rF+ Str+4 Int+2}
   (You acquired it on level 9 of the Dungeon)

   It freezes those it strikes, dealing additional cold damage.
   It can also slow down cold-blooded creatures.
   Str:       It affects your strength (+4).
   Int:       It affects your intelligence (+2).
   rF:        It protects you from fire.
 r - a +0 flail of protection (weapon)
Missiles
 k - 16 boomerangs (quivered)
Armour
 a - a +2 cloak (worn)
 l - a +0 buckler (worn)
 u - a +0 plate armour (worn)
 v - the +4 pair of boots "Qomoc" (worn) {rElec rC- Dex+5}
   (You found it on level 8 of the Dungeon)

   Dex:       It affects your dexterity (+5).
   rC:        It makes you vulnerable to cold.
   rElec:     It insulates you from electricity.
Jewellery
 b - an amulet of the acrobat (around neck)
 d - a ring of ice
 g - the ring "Laaduis" (left hand) {Fly Will+ Str+4}
   (You acquired it on level 5 of the Dungeon)

   [ring of flight]

   Str:       It affects your strength (+4).
   Fly:       It grants you flight.
   Will:      It increases your willpower.
 o - a ring of protection from cold (right hand)
 p - a ring of resist corrosion
 q - a ring of willpower
 w - an amulet of regeneration
Wands
 t - a wand of digging (12)
Scrolls
 c - 10 scrolls of identify
 e - 3 scrolls of teleportation
 z - 2 scrolls of brand weapon
Potions
 f - 3 potions of haste
 h - 7 potions of mutation
 i - 8 potions of curing
 j - 2 potions of heal wounds
 s - a potion of might

Dungeon Overview and Level Annotations

Branches:
Dungeon (11/15)            Temple (0/1) D:4            Lair (5/5) D:11
 Shoals (0/4) Lair:2       Spider (0/4) Lair:3        Slime (0/5) Lair:4
    Orc (0/2) D:11

Altars:
Dithmenos
Elyvilon
Gozag
Makhleb
Nemelex Xobeh
Okawaru
Ru
Sif Muna
Uskayaw
Vehumet
Wu Jian
Xom
Zin

Shops:
D:2 (

Annotations:
D:9 2 runed translucent doors
D:11 1 runed translucent door, qw's ghost, journeyman MiBe


Message History

The komodo dragon bites you but does no damage.
The eight-headed hydra bites you but does no damage.
The eight-headed hydra bites you.
The eight-headed hydra bites you but does no damage. x4
The eight-headed hydra misses you.
The eight-headed hydra barely misses you.
The komodo dragon bites you but does no damage.
You sock the polar bear!
You kill the polar bear!
Trog accepts your kill. The komodo dragon closely misses you.
You furiously retaliate!
You headbutt the komodo dragon, but do no damage.
The eight-headed hydra barely misses you.
You furiously retaliate!
You headbutt the eight-headed hydra! The eight-headed hydra bites you!
The eight-headed hydra barely misses you.
You block the eight-headed hydra's attack.
The eight-headed hydra bites you.
The eight-headed hydra bites you but does no damage.
The eight-headed hydra bites you.
You block the eight-headed hydra's attack.
The komodo dragon bites you but does no damage.
20825 ||| READING 4 scrolls of teleportation.
As you read the scroll of teleportation, it crumbles to dust.
You feel strangely unstable.
The komodo dragon bites you but does no damage.
You block the eight-headed hydra's attack.
The eight-headed hydra bites you!
The eight-headed hydra bites you but does no damage. x4
You block the eight-headed hydra's attack.
The eight-headed hydra bites you but does no damage.
The komodo dragon bites you but does no damage. x2
The eight-headed hydra bites you but does no damage. x2
The eight-headed hydra barely misses you.
The eight-headed hydra completely misses you.
The eight-headed hydra bites you but does no damage.
You block the eight-headed hydra's attack.
The eight-headed hydra bites you but does no damage.
The eight-headed hydra misses you. The komodo dragon bites you!!
You die... ##..777.777%.77 7..7 777 7...77 7777

77...77
7....7
777..777
7......7
7...77..77
.....7
77.D7
...77


7@l7 77. 77l7 . 7l7 7){7 7..7 .).7 7(.77 7.7 .7 You could see an eight-headed
hydra (summoned) and 3 komodo dragons.

Vanquished Creatures
  Rupert (Lair:4)
  A hydra (Lair:2)
  An ice dragon (D:11)
  A catoblepas (Lair:4)
  A boulder beetle (D:11)
  11 death yaks
  Urug (D:11)
  An orb spider (Lair:3)
  Pikel (D:5)
  A cyclops (D:9)
  5 elephants (Lair:1)
  Maurice (D:8)
  7 black mambas
  Maggie (Lair:2)
  2 rime drakes
  8 cane toads
  A torpor snail (Lair:4)
  6 komodo dragons
  6 polar bears
  A hornet (Lair:5)
  5 trolls
  3 merfolk (Lair:2)
  16 blink frogs
  2 slime creatures (Lair:4)
  3 dream sheep
  8 spriggans (Lair:5)
  A water elemental (D:11)
  2 wraiths (D:9)
  3 vampires
  A wyvern (Lair:2)
  A basilisk (Lair:4)
  38 yaks
  2 vampire mosquitoes (D:10)
  9 water moccasins
  4 ice beasts
  3 orc warriors (D:11)
  3 black bears
  4 ogres
  15 wolves
  5 boggarts
  4 centaurs
  2 phantoms (D:6)
  A lemure (D:5)
  3 kobold brigands
  2 scorpions (D:5)
  13 bullfrogs
  4 gnoll sergeants
  4 killer bees (D:11)
  12 electric eels
  5 howler monkeys
  A crimson imp (D:6)
  3 jellies
  7 orc priests
  3 hounds (D:6)
  Ijyb (D:3)
  9 iguanas
  7 orc wizards
  Robin (D:4)
  47 gnolls
  7 adders
  A shadow imp (D:6)
  A white imp (D:5)
  An ufetubus (D:6)
  2 dart slugs
  4 worms
  54 orcs
  6 endoplasms
  15 goblins
  11 hobgoblins
  18 jackals
  5 quokkas
  4 ball pythons
  4 bats
  A frilled lizard (D:2)
  18 kobolds
  11 rats
  A butterfly (Lair:3)
  A fungus (Lair:1)
480 creatures vanquished.

Vanquished Creatures (others)
  An orc (D:11)
  18 fungi
  41 plants
60 creatures vanquished.

Grand Total: 540 creatures vanquished

Notes
Turn   | Place    | Note
-------+----------+-------------------------------------------
     0 | D:1      | qw the Minotaur Berserker began the quest for the Orb.
     0 | D:1      | Reached XP level 1. HP: 19/19 MP: 0/0
     0 | D:1      | 0 ||| qw: Version: 0.1-a-119-g272c26d
     0 | D:1      | 0 ||| qw: Game counter: 11255
     0 | D:1      | 0 ||| qw: Always use a shield: true
     0 | D:1      | 0 ||| qw: Do Orc after D:15 true
     0 | D:1      | 0 ||| qw: Do second Lair branch before Depths: true
     0 | D:1      | 0 ||| qw: Lair rune preference: random
     0 | D:1      | 0 ||| qw: Plans: Normal
     0 | D:1      | 0 ||| PLANNING D:1-11
   123 | D:1      | Found a faded altar of an unknown god.
   306 | D:1      | 306 ||| Stepping ~*~*~tactically~*~*~ (stealth).
   317 | D:1      | Reached skill level 4 in Axes
   536 | D:1      | Reached XP level 2. HP: 16/26 MP: 1/1
  1267 | D:1      | 1267 ||| UPGRADING to +0 scale mail.
  1277 | D:1      | 1277 ||| DROPPING +0 animal skin.
  1278 | D:1      | 1278 ||| READING scroll labelled VIBETA BAOXOU.
  1282 | D:1      | 1282 ||| READING scroll labelled KYOJ CEJUUGU.
  1283 | D:1      | 1283 ||| READING scroll labelled PUMOEL ZUS.
  1366 | D:2      | Found Iquchem's Antique Weapon Shoppe.
  1374 | D:2      | 1374 ||| SHOPLISTING crude mace (200 gold, have 51).
  1401 | D:2      | Reached skill level 5 in Axes
  1417 | D:2      | Reached XP level 3. HP: 26/31 MP: 2/2
  1418 | D:2      | 1418 ||| FLEEEEING.
  1419 | D:2      | 1419 ||| FLEEEEING.
  1420 | D:2      | 1420 ||| FLEEEEING.
  1421 | D:2      | 1421 ||| FLEEEEING.
  1422 | D:2      | 1422 ||| FLEEEEING.
  1423 | D:2      | 1423 ||| FLEEEEING.
  1424 | D:2      | 1424 ||| FLEEEEING.
  1425 | D:2      | 1425 ||| FLEEEEING.
  1426 | D:2      | 1426 ||| FLEEEEING.
  1427 | D:2      | 1427 ||| FLEEEEING.
  1554 | D:2      | Reached ** piety under Trog
  1557 | D:2      | 1557 ||| Stepping ~*~*~tactically~*~*~ (stealth).
  1569 | D:2      | 1569 ||| INVOKING Berserk.
  1729 | D:2      | 1729 ||| Stepping ~*~*~tactically~*~*~ (hiding).
  2156 | D:2      | 2156 ||| INVOKING Berserk.
  2306 | D:2      | 2306 ||| UPGRADING to +0 chain mail.
  2316 | D:2      | 2316 ||| DROPPING +0 scale mail.
  2317 | D:2      | 2317 ||| UPGRADING to amulet of the acrobat.
  2322 | D:2      | 2322 ||| DRINKING 2 gluggy blue potions.
  2323 | D:2      | 2323 ||| READING 3 scrolls of identify.
  2323 | D:2      | 2323 ||| IDENTIFYING murky silvery potion
  2324 | D:2      | 2324 ||| READING 2 scrolls of identify.
  2324 | D:2      | 2324 ||| IDENTIFYING ruby potion
  2325 | D:2      | 2325 ||| DROPPING potion of brilliance.
  2326 | D:2      | 2326 ||| DROPPING potion of lignification.
  2349 | D:3      | Reached XP level 4. HP: 39/39 MP: 3/3
  2355 | D:3      | Reached skill level 1 in Throwing
  2357 | D:3      | Reached skill level 6 in Axes
  2441 | D:3      | 2441 ||| DROPPING +0 whip.
  2541 | D:3      | 2541 ||| Stepping ~*~*~tactically~*~*~ (stealth).
  2611 | D:3      | Noticed a +0 dagger
  2612 | D:3      | Noticed a +0 spear
  2612 | D:3      | Noticed a +0 dagger
  2612 | D:3      | Noticed a +0 falchion
  2613 | D:3      | Noticed a +0 falchion
  2613 | D:3      | Noticed a +0 short sword
  2613 | D:3      | Noticed a +0 spear
  2615 | D:3      | Noticed a +0 short sword
  2650 | D:3      | Noticed Ijyb
  2651 | D:3      | 2651 ||| INVOKING Berserk.
  2656 | D:3      | Killed Ijyb
  2657 | D:3      | Reached XP level 5. HP: 45/45 MP: 4/4
  2778 | D:3      | Found a sparkling altar of Nemelex Xobeh.
  3033 | D:3      | Found a hide-covered altar of Uskayaw.
  3119 | D:3      | Reached skill level 7 in Axes
  3357 | D:3      | 3357 ||| READING scroll labelled BUATADUZXO.
  3358 | D:3      | 3358 ||| READING 3 scrolls of identify.
  3358 | D:3      | 3358 ||| IDENTIFYING fuming inky potion
  3359 | D:3      | 3359 ||| READING 2 scrolls of identify.
  3359 | D:3      | 3359 ||| IDENTIFYING metallic cyan potion
  3498 | D:4      | Noticed Robin
  3499 | D:4      | 3499 ||| FLEEEEING.
  3500 | D:4      | 3500 ||| FLEEEEING.
  3501 | D:4      | 3501 ||| FLEEEEING.
  3507 | D:4      | 3507 ||| INVOKING Berserk.
  3508 | D:4      | Killed Robin
  3612 | D:4      | 3612 ||| SWAPPING to +2 hand axe of freezing.
  3613 | D:4      | 3613 ||| DROPPING +0 hand axe of freezing.
  3728 | D:4      | Found an opulent altar of Gozag.
  3731 | D:4      | You fall into a shaft and drop 3 floors!
  3744 | D:7      | Noticed an ogre
  3745 | D:7      | 3745 ||| INVOKING Berserk.
  3749 | D:7      | Killed an ogre
  3750 | D:7      | Reached skill level 8 in Axes
  3750 | D:7      | Reached XP level 6. HP: 35/52 MP: 5/5
  3962 | D:5      | Entered Level 5 of the Dungeon
  3993 | D:5      | 3993 ||| Stepping ~*~*~tactically~*~*~ (stealth).
  3996 | D:5      | 3996 ||| Stepping ~*~*~tactically~*~*~ (hiding).
  3997 | D:5      | 3997 ||| Stepping ~*~*~tactically~*~*~ (hiding).
  3999 | D:5      | 3999 ||| Stepping ~*~*~tactically~*~*~ (hiding).
  4000 | D:5      | 4000 ||| Stepping ~*~*~tactically~*~*~ (hiding).
  4001 | D:5      | 4001 ||| Stepping ~*~*~tactically~*~*~ (hiding).
  4002 | D:5      | 4002 ||| Stepping ~*~*~tactically~*~*~ (hiding).
  4003 | D:5      | 4003 ||| INVOKING Berserk.
  4177 | D:5      | Reached *** piety under Trog
  4235 | D:5      | Reached skill level 9 in Axes
  4275 | D:5      | 4275 ||| READING scroll labelled LEAF RIMPOGGOM.
  4275 | D:5      | Identified a scroll of acquirement
  4275 | D:5      | 4275 ||| ACQUIRING ring "Laaduis" {Fly Will+ Str+4}
  4275 | D:5      | Acquired the ring "Laaduis" {Fly Will+ Str+4}
  4277 | D:5      | 4277 ||| UPGRADING to ring "Laaduis" {Fly Will+ Str+4}.
  4281 | D:5      | 4281 ||| FLEEEEING.
  4282 | D:5      | 4282 ||| FLEEEEING.
  4283 | D:5      | 4283 ||| STAIRDANCE
  4323 | D:4      | Found a staircase to the Ecumenical Temple.
  4413 | D:4      | Reached XP level 7. HP: 60/60 MP: 6/6
  4487 | D:4      | 4487 ||| DROPPING +0 whip of pain.
  4650 | D:4      | Reached skill level 3 in Armour
  4667 | D:4      | 4667 ||| Stepping ~*~*~tactically~*~*~ (hiding).
  4710 | D:4      | 4710 ||| FLEEEEING.
  4736 | D:4      | 4736 ||| FLEEEEING.
  4737 | D:4      | 4737 ||| FLEEEEING.
  4791 | D:4      | 4791 ||| Stepping ~*~*~tactically~*~*~ (stealth).
  4794 | D:4      | 4794 ||| Stepping ~*~*~tactically~*~*~ (stealth).
  4839 | D:4      | Reached **** piety under Trog
  4859 | D:4      | 4859 ||| Stepping ~*~*~tactically~*~*~ (hiding).
  4871 | D:4      | 4871 ||| Stepping ~*~*~tactically~*~*~ (stealth).
  4886 | D:4      | 4886 ||| Stepping ~*~*~tactically~*~*~ (hiding).
  4895 | D:4      | Reached skill level 10 in Axes
  5187 | D:4      | 5187 ||| INVOKING Berserk.
  5189 | D:4      | Reached skill level 6 in Fighting
  5492 | D:4      | 5492 ||| READING scroll labelled VITSE FUFADWAMI.
  5493 | D:4      | 5493 ||| READING 3 scrolls of identify.
  5493 | D:4      | 5493 ||| IDENTIFYING lumpy sapphire potion
  5494 | D:4      | 5494 ||| DROPPING potion of magic.
  5527 | D:5      | 5527 ||| INVOKING Berserk.
  5530 | D:5      | Reached XP level 8. HP: 71/71 MP: 7/7
  5778 | D:5      | 5778 ||| Stepping ~*~*~tactically~*~*~ (hiding).
  5780 | D:5      | 5780 ||| Stepping ~*~*~tactically~*~*~ (hiding).
  5798 | D:5      | 5798 ||| Stepping ~*~*~tactically~*~*~ (stealth).
  5803 | D:5      | 5803 ||| Stepping ~*~*~tactically~*~*~ (hiding).
  5806 | D:5      | 5806 ||| Stepping ~*~*~tactically~*~*~ (hiding).
  5823 | D:5      | 5823 ||| INVOKING Berserk.
  5828 | D:5      | HP: 15/71 [poisoned by a gnoll sergeant]
  5829 | D:5      | 5829 ||| DRINKING 3 potions of curing.
  5829 | D:5      | 5829 ||| (to cure poison)
  6262 | D:5      | 6262 ||| INVOKING Berserk.
  6265 | D:5      | Reached skill level 11 in Axes
  6485 | D:5      | Found a shadowy altar of Dithmenos.
  6486 | D:5      | Found a sacrificial altar of Ru.
  6487 | D:5      | Found an ornate altar of the Wu Jian Council.
  6496 | D:5      | Found a white marble altar of Elyvilon.
  6499 | D:5      | Found a glowing silver altar of Zin.
  6642 | D:5      | 6642 ||| UPGRADING to +0 buckler.
  6647 | D:5      | 6647 ||| UPGRADING to +0 cloak.
  6703 | D:6      | Noticed Pikel
  6704 | D:6      | 6704 ||| STAIRDANCE
  6711 | D:6      | 6711 ||| STAIRDANCE
  6713 | D:5      | 6713 ||| INVOKING Berserk.
  6717 | D:5      | Killed Pikel
  6718 | D:5      | Reached skill level 6 in Shields
  6892 | D:6      | 6892 ||| DROPPING +0 flail.
  6956 | D:6      | Reached XP level 9. HP: 78/78 MP: 8/8
  6998 | D:6      | 6998 ||| INVOKING Berserk.
  7003 | D:6      | Reached skill level 12 in Axes
  7035 | D:6      | 7035 ||| FLEEEEING.
  7365 | D:6      | 7365 ||| INVOKING Berserk.
  7824 | D:6      | 7824 ||| INVOKING Berserk.
  7832 | D:6      | HP: 29/118 [poisoned by a kobold brigand (curare-tipped
                  | dart)]
  8110 | D:6      | Found a shimmering altar of Xom.
  8110 | D:6      | Found a burning altar of Makhleb.
  8310 | D:6      | 8310 ||| UPGRADING to ring of willpower.
  8311 | D:6      | 8311 ||| UPGRADING to ring of protection from cold.
  8313 | D:6      | 8313 ||| READING scroll labelled URILYQ ZISA.
  8606 | D:7      | Reached skill level 13 in Axes
  8625 | D:7      | 8625 ||| Stepping ~*~*~tactically~*~*~ (stealth).
  8627 | D:7      | 8627 ||| Stepping ~*~*~tactically~*~*~ (stealth).
  8630 | D:7      | 8630 ||| Stepping ~*~*~tactically~*~*~ (hiding).
  8634 | D:7      | 8634 ||| INVOKING Berserk.
  8637 | D:7      | Reached skill level 3 in Dodging
  8807 | D:7      | 8807 ||| Stepping ~*~*~tactically~*~*~ (hiding).
  8810 | D:7      | 8810 ||| Stepping ~*~*~tactically~*~*~ (stealth).
  8941 | D:7      | 8941 ||| INVOKING Berserk.
  9076 | D:7      | 9076 ||| Stepping ~*~*~tactically~*~*~ (hiding).
  9108 | D:7      | 9108 ||| Stepping ~*~*~tactically~*~*~ (stealth).
  9109 | D:7      | 9109 ||| Stepping ~*~*~tactically~*~*~ (stealth).
  9110 | D:7      | 9110 ||| Stepping ~*~*~tactically~*~*~ (hiding).
  9164 | D:7      | 9164 ||| FLEEEEING.
  9165 | D:7      | 9165 ||| FLEEEEING.
  9166 | D:7      | 9166 ||| FLEEEEING.
  9167 | D:7      | 9167 ||| FLEEEEING.
  9168 | D:7      | 9168 ||| FLEEEEING.
  9169 | D:7      | 9169 ||| FLEEEEING.
  9170 | D:7      | 9170 ||| FLEEEEING.
  9171 | D:7      | 9171 ||| FLEEEEING.
  9172 | D:7      | 9172 ||| FLEEEEING.
  9173 | D:7      | 9173 ||| FLEEEEING.
  9174 | D:7      | 9174 ||| FLEEEEING.
  9175 | D:7      | 9175 ||| FLEEEEING.
  9176 | D:7      | 9176 ||| FLEEEEING.
  9177 | D:7      | 9177 ||| FLEEEEING.
  9178 | D:7      | 9178 ||| FLEEEEING.
  9179 | D:7      | 9179 ||| FLEEEEING.
  9180 | D:7      | 9180 ||| FLEEEEING.
  9181 | D:7      | 9181 ||| FLEEEEING.
  9182 | D:7      | 9182 ||| FLEEEEING.
  9183 | D:7      | 9183 ||| FLEEEEING.
  9184 | D:7      | 9184 ||| FLEEEEING.
  9185 | D:7      | 9185 ||| FLEEEEING.
  9186 | D:7      | 9186 ||| FLEEEEING.
  9187 | D:7      | 9187 ||| FLEEEEING.
  9188 | D:7      | 9188 ||| FLEEEEING.
  9189 | D:7      | 9189 ||| STAIRDANCE
  9229 | D:6      | 9229 ||| READING scroll labelled RARAEKUNOG.
  9232 | D:7      | 9232 ||| STAIRDANCE
  9248 | D:7      | 9248 ||| STAIRDANCE
  9460 | D:7      | 9460 ||| READING scroll labelled ANA YPYCHILI.
  9476 | D:8      | 9476 ||| STAIRDANCE
  9486 | D:7      | Reached XP level 10. HP: 70/88 MP: 9/9
  9568 | D:8      | Reached skill level 14 in Axes
  9572 | D:8      | 9572 ||| STAIRDANCE
  9713 | D:8      | 9713 ||| Stepping ~*~*~tactically~*~*~ (stealth).
  9735 | D:8      | 9735 ||| FLEEEEING.
  9736 | D:8      | 9736 ||| FLEEEEING.
  9737 | D:8      | 9737 ||| FLEEEEING.
  9739 | D:8      | 9739 ||| FLEEEEING.
  9740 | D:8      | 9740 ||| FLEEEEING.
  9741 | D:8      | 9741 ||| FLEEEEING.
  9742 | D:8      | 9742 ||| FLEEEEING.
  9743 | D:8      | 9743 ||| FLEEEEING.
  9744 | D:8      | 9744 ||| FLEEEEING.
  9745 | D:8      | 9745 ||| FLEEEEING.
  9746 | D:8      | 9746 ||| FLEEEEING.
  9747 | D:8      | 9747 ||| FLEEEEING.
  9748 | D:8      | 9748 ||| STAIRDANCE
  9895 | D:8      | 9895 ||| INVOKING Berserk.
 10116 | D:8      | Noticed Maurice
 10131 | D:8      | Killed Maurice
 10132 | D:8      | Reached skill level 9 in Fighting
 10233 | D:8      | 10233 ||| Stepping ~*~*~tactically~*~*~ (stealth).
 10235 | D:8      | 10235 ||| Stepping ~*~*~tactically~*~*~ (stealth).
 10237 | D:8      | 10237 ||| Stepping ~*~*~tactically~*~*~ (stealth).
 10556 | D:8      | 10556 ||| Stepping ~*~*~tactically~*~*~ (stealth).
 10569 | D:8      | Reached skill level 6 in Armour
 10664 | D:8      | Identified the +4 pair of boots "Qomoc" {rElec rC- Dex+5}
 10833 | D:8      | 10833 ||| UPGRADING to +1 cloak.
 10843 | D:8      | 10843 ||| DROPPING +0 cloak.
 10844 | D:8      | 10844 ||| UPGRADING to +4 pair of boots "Qomoc" {rElec rC-
                  | Dex+5}.
 10849 | D:8      | 10849 ||| DROPPING +6 ring of intelligence.
 10850 | D:8      | 10850 ||| READING 8 scrolls of identify.
 10850 | D:8      | 10850 ||| IDENTIFYING golden potion
 10851 | D:8      | 10851 ||| READING 7 scrolls of identify.
 10851 | D:8      | 10851 ||| IDENTIFYING bubbling purple potion
 10852 | D:8      | 10852 ||| DROPPING potion of attraction.
 10904 | D:9      | Found a shimmering blue altar of Sif Muna.
 11016 | D:9      | Identified the +7 quarterstaff of Efikoen {vorpal, rPois
                  | rC++}
 11142 | D:9      | 11142 ||| Stepping ~*~*~tactically~*~*~ (hiding).
 11151 | D:9      | 11151 ||| Stepping ~*~*~tactically~*~*~ (stealth).
 11161 | D:9      | Found a runed translucent door.
 11163 | D:9      | Found a runed translucent door.
 11179 | D:9      | 11179 ||| Stepping ~*~*~tactically~*~*~ (hiding).
 11180 | D:9      | 11180 ||| Stepping ~*~*~tactically~*~*~ (hiding).
 11190 | D:9      | 11190 ||| Stepping ~*~*~tactically~*~*~ (hiding).
 11260 | D:9      | 11260 ||| DROPPING +2 flail of holy wrath.
 11362 | D:9      | 11362 ||| READING scroll of acquirement.
 11362 | D:9      | 11362 ||| ACQUIRING +10 broad axe of the Shallot {freeze,
                  | rF+ Str+4 Int+2}
 11362 | D:9      | Acquired the +10 broad axe of the Shallot {freeze, rF+
                  | Str+4 Int+2}
 11364 | D:9      | 11364 ||| SWAPPING to +10 broad axe of the Shallot {freeze,
                  | rF+ Str+4 Int+2}.
 11365 | D:9      | 11365 ||| DROPPING +3 hand axe of freezing.
 11383 | D:9      | Noticed a cyclops
 11386 | D:9      | 11386 ||| INVOKING Berserk.
 11391 | D:9      | Killed a cyclops
 11728 | D:9      | Found an iron altar of Okawaru.
 11877 | D:9      | 11877 ||| Stepping ~*~*~tactically~*~*~ (stealth).
 11969 | D:9      | 11969 ||| DROPPING +1 ring mail of poison resistance.
 11970 | D:9      | 11970 ||| READING scroll labelled HEWUSI ITAK.
 11971 | D:9      | 11971 ||| READING 5 scrolls of teleportation.
 12036 | D:10     | Entered Level 10 of the Dungeon
 12059 | D:10     | 12059 ||| INVOKING Berserk.
 12062 | D:10     | Reached skill level 15 in Axes
 12182 | D:10     | 12182 ||| INVOKING Berserk.
 12430 | D:10     | 12430 ||| INVOKING Berserk.
 12432 | D:10     | Reached XP level 11. HP: 99/99 MP: 10/10
 12461 | D:10     | 12461 ||| FLEEEEING.
 12503 | D:10     | 12503 ||| INVOKING Berserk.
 12964 | D:10     | 12964 ||| READING scroll labelled VISOERI ZIXI.
 12965 | D:10     | 12965 ||| READING 2 scrolls labelled JOSTEWNOEZ.
 12966 | D:10     | 12966 ||| READING scroll labelled BIDER ZUHU.
 12967 | D:10     | 12967 ||| READING 7 scrolls of identify.
 12967 | D:10     | 12967 ||| IDENTIFYING fuming coppery potion
 12968 | D:10     | 12968 ||| DROPPING potion of ambrosia.
 12969 | D:10     | 12969 ||| DROPPING scroll of blinking.
 12997 | D:11     | Noticed a death yak
 12997 | D:11     | Noticed a death yak
 12997 | D:11     | Noticed Urug
 12998 | D:11     | Noticed a death yak
 12999 | D:11     | 12999 ||| Stepping ~*~*~tactically~*~*~ (stealth).
 12999 | D:11     | Found a staircase to the Lair.
 12999 | D:11     | Noticed a death yak
 13000 | D:11     | Noticed a death yak
 13001 | D:11     | 13001 ||| Stepping ~*~*~tactically~*~*~ (stealth).
 13002 | D:11     | 13002 ||| INVOKING Berserk.
 13005 | D:11     | Killed a death yak
 13008 | D:11     | Killed a death yak
 13008 | D:11     | Noticed a death yak
 13009 | D:11     | Reached skill level 16 in Axes
 13012 | D:11     | Killed a death yak
 13014 | D:11     | Killed Urug
 13016 | D:11     | Killed a death yak
 13017 | D:11     | 13017 ||| STAIRDANCE
 13163 | D:11     | 13163 ||| STAIRDANCE
 13165 | D:10     | 13165 ||| INVOKING Berserk.
 13168 | D:10     | Killed a death yak
 13227 | D:11     | 13227 ||| INVOKING Berserk.
 13229 | D:11     | Killed a death yak
 13230 | D:11     | Reached skill level 17 in Axes
 13230 | D:11     | 13230 ||| STAIRDANCE
 13405 | D:11     | Noticed a boulder beetle
 13409 | D:11     | 13409 ||| INVOKING Berserk.
 13411 | D:11     | Killed a boulder beetle
 13495 | D:11     | Reached skill level 3 in Throwing
 13498 | D:11     | 13498 ||| INVOKING Berserk.
 13556 | D:11     | 13556 ||| Stepping ~*~*~tactically~*~*~ (stealth).
 13564 | D:11     | 13564 ||| Stepping ~*~*~tactically~*~*~ (stealth).
 13611 | D:11     | 13611 ||| Stepping ~*~*~tactically~*~*~ (hiding).
 13613 | D:11     | 13613 ||| INVOKING Berserk.
 13794 | D:11     | 13794 ||| READING scroll of enchant armour.
 13794 | D:11     | 13794 ||| ENCHANTING +1 cloak.
 13846 | D:11     | 13846 ||| INVOKING Berserk.
 14058 | D:11     | 14058 ||| INVOKING Berserk.
 14190 | D:11     | Reached ***** piety under Trog
 14486 | D:11     | 14486 ||| INVOKING Berserk.
 14672 | D:11     | 14672 ||| Stepping ~*~*~tactically~*~*~ (stealth).
 14676 | D:11     | 14676 ||| INVOKING Berserk.
 14680 | D:11     | Noticed an ice dragon
 14685 | D:11     | Reached XP level 12. HP: 106/106 MP: 11/11
 14692 | D:11     | Killed an ice dragon
 14693 | D:11     | Reached skill level 6 in Dodging
 14696 | D:11     | Reached skill level 18 in Axes
 14919 | D:11     | Found a runed translucent door.
 14924 | D:11     | Noticed qw's ghost (journeyman MiBe)
 14975 | D:11     | Found a staircase to the Orcish Mines.
 14977 | D:11     | 14977 ||| FLEEEEING.
 14978 | D:11     | 14978 ||| FLEEEEING.
 15072 | D:11     | 15072 ||| PLANNING LAIR
 15072 | D:11     | 15072 ||| UPGRADING to +0 plate armour.
 15082 | D:11     | 15082 ||| DROPPING +0 chain mail.
 15110 | Lair:1   | Entered Level 1 of the Lair of Beasts
 15226 | Lair:1   | 15226 ||| Stepping ~*~*~tactically~*~*~ (stealth).
 15229 | Lair:1   | 15229 ||| Stepping ~*~*~tactically~*~*~ (stealth).
 15234 | Lair:1   | 15234 ||| Stepping ~*~*~tactically~*~*~ (stealth).
 15237 | Lair:1   | 15237 ||| Stepping ~*~*~tactically~*~*~ (stealth).
 15248 | Lair:1   | 15248 ||| INVOKING Berserk.
 15251 | Lair:1   | Reached skill level 9 in Armour
 15297 | Lair:1   | 15297 ||| INVOKING Brothers in Arms.
 15298 | Lair:1   | 15298 ||| INVOKING Berserk.
 15524 | Lair:1   | 15524 ||| Stepping ~*~*~tactically~*~*~ (stealth).
 15525 | Lair:1   | 15525 ||| Stepping ~*~*~tactically~*~*~ (stealth).
 15527 | Lair:1   | 15527 ||| Stepping ~*~*~tactically~*~*~ (stealth).
 15529 | Lair:1   | 15529 ||| INVOKING Berserk.
 16117 | Lair:1   | 16117 ||| READING 2 scrolls labelled AJOVEKK RISSI.
 16118 | Lair:1   | 16118 ||| READING 8 scrolls of identify.
 16118 | Lair:1   | 16118 ||| IDENTIFYING lumpy inky potion
 16119 | Lair:1   | 16119 ||| DROPPING potion of degeneration.
 16120 | Lair:1   | 16120 ||| DROPPING scroll of immolation.
 16151 | Lair:2   | Noticed Maggie
 16152 | Lair:2   | 16152 ||| Stepping ~*~*~tactically~*~*~ (hiding).
 16153 | Lair:2   | 16153 ||| Stepping ~*~*~tactically~*~*~ (hiding).
 16158 | Lair:2   | Killed Maggie
 16233 | Lair:2   | 16233 ||| Stepping ~*~*~tactically~*~*~ (stealth).
 16336 | Lair:2   | 16336 ||| INVOKING Berserk.
 16481 | Lair:2   | Identified the +0 scale mail of Peek-a-Boo {rC+}
 16499 | Lair:2   | 16499 ||| INVOKING Berserk.
 16638 | Lair:2   | 16638 ||| INVOKING Berserk.
 16842 | Lair:2   | Noticed an eight-headed hydra
 16843 | Lair:2   | 16843 ||| INVOKING Brothers in Arms.
 16845 | Lair:2   | 16845 ||| SWAPPING to +0 flail of protection.
 16847 | Lair:2   | 16847 ||| INVOKING Brothers in Arms.
 16848 | Lair:2   | 16848 ||| INVOKING Brothers in Arms.
 16849 | Lair:2   | 16849 ||| INVOKING Berserk.
 16851 | Lair:2   | Killed an eight-headed hydra
 16876 | Lair:2   | 16876 ||| SWAPPING to +10 broad axe of the Shallot {freeze,
                  | rF+ Str+4 Int+2}.
 17136 | Lair:2   | Found a staircase to the Shoals.
 17144 | Lair:2   | Reached skill level 12 in Fighting
 17285 | Lair:2   | 17285 ||| Stepping ~*~*~tactically~*~*~ (stealth).
 17292 | Lair:2   | 17292 ||| Stepping ~*~*~tactically~*~*~ (stealth).
 17293 | Lair:2   | 17293 ||| Stepping ~*~*~tactically~*~*~ (stealth).
 17470 | Lair:2   | 17470 ||| Stepping ~*~*~tactically~*~*~ (stealth).
 17473 | Lair:2   | 17473 ||| INVOKING Berserk.
 17648 | Lair:2   | 17648 ||| READING scroll labelled JEZELA MOYRI.
 17649 | Lair:2   | 17649 ||| READING scroll labelled ULUSON UG RAOV.
 17808 | Lair:3   | 17808 ||| STAIRDANCE
 17813 | Lair:3   | 17813 ||| STAIRDANCE
 17857 | Lair:3   | Reached XP level 13. HP: 106/118 MP: 12/12
 18018 | Lair:3   | 18018 ||| INVOKING Berserk.
 18219 | Lair:3   | Identified the +8 dagger of the Harvest {venom, rC+}
 18371 | Lair:3   | Found a hole to the Spider Nest.
 18372 | Lair:3   | 18372 ||| INVOKING Brothers in Arms.
 18373 | Lair:3   | 18373 ||| INVOKING Brothers in Arms.
 18374 | Lair:3   | 18374 ||| INVOKING Brothers in Arms.
 18375 | Lair:3   | 18375 ||| INVOKING Brothers in Arms.
 18382 | Lair:3   | 18382 ||| INVOKING Berserk.
 18638 | Lair:3   | 18638 ||| Stepping ~*~*~tactically~*~*~ (stealth).
 18640 | Lair:3   | 18640 ||| Stepping ~*~*~tactically~*~*~ (stealth).
 18642 | Lair:3   | 18642 ||| Stepping ~*~*~tactically~*~*~ (stealth).
 19098 | Lair:4   | 19098 ||| INVOKING Berserk.
 19246 | Lair:4   | 19246 ||| FLEEEEING.
 19247 | Lair:4   | 19247 ||| Stepping ~*~*~tactically~*~*~ (hiding).
 19250 | Lair:4   | 19250 ||| INVOKING Berserk.
 19259 | Lair:4   | Noticed Rupert
 19260 | Lair:4   | 19260 ||| INVOKING Trog's Hand.
 19270 | Lair:4   | Killed Rupert
 19513 | Lair:4   | 19513 ||| Stepping ~*~*~tactically~*~*~ (stealth).
 19515 | Lair:4   | 19515 ||| Stepping ~*~*~tactically~*~*~ (stealth).
 19516 | Lair:4   | 19516 ||| Stepping ~*~*~tactically~*~*~ (stealth).
 19517 | Lair:4   | 19517 ||| Stepping ~*~*~tactically~*~*~ (stealth).
 19583 | Lair:4   | Found a radiant altar of Vehumet.
 19601 | Lair:4   | Found a staircase to the Slime Pits.
 20047 | Lair:5   | Entered Level 5 of the Lair of Beasts
 20052 | Lair:5   | 20052 ||| STAIRDANCE
 20061 | Lair:5   | 20061 ||| Stepping ~*~*~tactically~*~*~ (stealth).
 20062 | Lair:5   | 20062 ||| Stepping ~*~*~tactically~*~*~ (stealth).
 20063 | Lair:5   | 20063 ||| Stepping ~*~*~tactically~*~*~ (stealth).
 20064 | Lair:5   | 20064 ||| INVOKING Berserk.
 20073 | Lair:5   | Reached skill level 6 in Throwing
 20094 | Lair:5   | Reached skill level 12 in Armour
 20122 | Lair:5   | 20122 ||| Stepping ~*~*~tactically~*~*~ (stealth).
 20320 | Lair:5   | Reached skill level 9 in Shields
 20327 | Lair:5   | 20327 ||| INVOKING Berserk.
 20348 | Lair:5   | 20348 ||| FLEEEEING.
 20352 | Lair:5   | 20352 ||| STAIRDANCE
 20470 | Lair:5   | 20470 ||| Stepping ~*~*~tactically~*~*~ (stealth).
 20471 | Lair:5   | 20471 ||| Stepping ~*~*~tactically~*~*~ (stealth).
 20582 | Lair:5   | 20582 ||| INVOKING Berserk.
 20751 | Lair:5   | 20751 ||| Stepping ~*~*~tactically~*~*~ (stealth).
 20772 | Lair:5   | 20772 ||| INVOKING Berserk.
 20812 | Lair:5   | 20812 ||| INVOKING Brothers in Arms.
 20813 | Lair:5   | 20813 ||| SWAPPING to +0 flail of protection.
 20814 | Lair:5   | 20814 ||| INVOKING Brothers in Arms.
 20819 | Lair:5   | 20819 ||| INVOKING Brothers in Arms.
 20824 | Lair:5   | HP: 31/124 [eight-headed hydra[a boggart] (2)]
 20825 | Lair:5   | 20825 ||| READING 4 scrolls of teleportation.
 20825 | Lair:5   | Mangled by a komodo dragon

Levels and vault maps discovered:
D:1:      minmay_arrival_four_houses, layout_loops_corners,
          ebering_ecumenical_altar_abandoned, serial_forest,
          infiniplex_forest_clump_tiny, infiniplex_forest_clump_small,
          infiniplex_forest_lined_3_way, infiniplex_forest_end_2
D:2:      layout_basic, serial_shops, nicolae_shop_advertising_works
          [nicolae_subvault_shop_adworks]
D:3:      layout_loops_corners, nicolae_uskayaw_en_pointe,
          nemelex_xobeh_ov_fountains_minmay, uniq_ijyb
D:4:      lemuel_castle_with_subvaults [lemuel_castle_interior_carwin_3],
          layout_basic, amcnicky_altar_gilded, minmay_temple_entry_trees,
          uniq_robin
D:5:      layout_loops_ring, minmay_overflow_temple_star_hex,
          lightli_corner_chamber
D:6:      hangedman_cross_stitches, layout_basic,
          grunt_temple_overflow_champion_of_chaos, uniq_pikel
D:7:      layout_loops_ring
D:8:      layout_cave_pods, uniq_maurice
D:9:      lemuel_insect_pit, layout_loops_ring, lemuel_round_altar,
          mainiacjoe_overflow_six_doors_small
D:10:     layout_basic, minmay_misc_feat_nine_boxes
D:11:     layout_gridville, dpeg_lair_monsters, erik_orc_2,
          portal_ice_cave_entry_animals_and_master,
          ebering_ghost_reflecting_pool, chequers_big_river, uniq_urug
Lair:1:   layout_roguey
Lair:2:   layout_regular_city, elwin_shoals_entry_rooms, serial_forest,
          infiniplex_forest_lined_room_2, infiniplex_forest_lined_2,
          infiniplex_forest_lined_2, infiniplex_forest_clump_tiny,
          infiniplex_forest_straight_1, infiniplex_forest_straight_2,
          infiniplex_forest_clump_cross, gammafunk_lair_bear_cave, uniq_maggie
Lair:3:   layout_cave_pods, nicolae_spider_entry_orb_guardian,
          beast_lair_carwin_4, infiniplex_staircase_pool, lemuel_fruit_fields
Lair:4:   layout_loops_ring, minmay_slime_entry_pillars, basic_altar,
          serial_rivers, chequers_serial_rivers_small_b,
          chequers_serial_rivers_micro_c, chequers_serial_rivers_large_b,
          chequers_serial_rivers_small_b, chequers_serial_rivers_micro_e,
          lemuel_fruit_tree, serial_bayou_shore_a, uniq_rupert
Lair:5:   minmay_lair_end_enchanted_forest, layout_long_grid, grunt_megastairs_4

Skill      XL: |  1  2  3  4  5  6  7  8  9 10 11 12 13 |
---------------+----------------------------------------+-----
Axes           | 4 5 6 8 9 10 11 13 15 17 18 | 18.0
Throwing       | 1 4 5 6 |  6.2
Fighting       | 4 6 8 9 10 12 14 | 14.0
Armour         | 3 4 5 6 7 10 12 | 12.0
Shields        | 6 8 9 |  9.0
Dodging        | 3 5 7 8 |  8.7

Action                   |  1- 3 |  4- 6 |  7- 9 | 10-12 | 13-15 || total
-------------------------+-------+-------+-------+-------+-------++-------
Melee: Hand axe          |   113 |    81 |   289 |    94 |       ||   577
       Headbutt          |    14 |    10 |    54 |    50 |    35 ||   163
       Punch             |       |     1 |     2 |       |       ||     3
       Broad axe         |       |       |       |   216 |   183 ||   399
       Flail             |       |       |       |     2 |     9 ||    11
Throw: Javelin           |       |    37 |     6 |    44 |    34 ||   121
       Boomerang         |       |       |    50 |    39 |     6 ||    95
Invok: Berserk           |     2 |     4 |    10 |    24 |     8 ||    48
       Brothers in Arms  |       |       |       |     3 |     4 ||     7
       Trog's Hand       |       |       |       |       |     1 ||     1
  Use: Scroll            |     5 |     4 |     5 |    14 |     1 ||    29
       Potion            |     1 |       |     1 |       |       ||     2
Armor: Animal skin       |    11 |       |       |       |       ||    11
       Scale mail        |    20 |       |       |       |       ||    20
       Chain mail        |     1 |    32 |    62 |    49 |       ||   144
       Plate armour      |       |       |       |    38 |   126 ||   164
Dodge: Dodged            |    48 |    28 |   109 |   121 |   112 ||   418
Block: Buckler           |       |       |    25 |    51 |    64 ||   140

Table legend:
 A = Non-vault XP
 B = Vault XP
 C = Vault XP percentage of total XP
 D = Non-vault monster count
 E = Vault monster count
 F = Vault count percentage of total count
                 A         B        C        D         E       F
            +---------+---------+-------+---------+---------+-------
      Total |   39138 |   23961 |  38.0 |     315 |     162 |  34.0
            +---------+---------+-------+---------+---------+-------
        D:1 |      24 |       0 |   0.0 |      15 |       0 |   0.0
        D:2 |      72 |       0 |   0.0 |      29 |       0 |   0.0
        D:3 |     101 |      36 |  26.3 |      22 |       1 |   4.3
        D:4 |     216 |     562 |  72.2 |      12 |      63 |  84.0
        D:5 |     724 |     663 |  47.8 |      21 |       1 |   4.5
        D:6 |     857 |     683 |  44.4 |      23 |      11 |  32.4
        D:7 |    1685 |       0 |   0.0 |      29 |       0 |   0.0
        D:8 |    2000 |     462 |  18.8 |      28 |       1 |   3.4
        D:9 |    1913 |       0 |   0.0 |      16 |       0 |   0.0
       D:10 |    1776 |     809 |  31.3 |      15 |       1 |   6.2
       D:11 |    3033 |    7921 |  72.3 |      17 |      32 |  65.3
     Lair:1 |    6140 |       0 |   0.0 |      20 |       0 |   0.0
     Lair:2 |    5129 |    2527 |  33.0 |      22 |       9 |  29.0
     Lair:3 |    2900 |    1422 |  32.9 |      12 |       5 |  29.4
     Lair:4 |    4438 |    2872 |  39.3 |      17 |       6 |  26.1
     Lair:5 |    8130 |    6004 |  42.5 |      17 |      32 |  65.3
            +---------+---------+-------+---------+---------+-------
